 Dungeon Crawl Stone Soup version 0.31-a0-174-g85c54bcb58 (webtiles) character file.

Game seed: 353653611837575881

93233 qw the Severer (level 16, -3/86 HPs)
             Began as a Gargoyle Fighter on June 15, 2023.
             Was a High Priest of Okawaru.
             Slain by a sun demon (10 damage)
             ... led by a balrug
             ... on level 15 of the Dungeon.
             The game lasted 00:15:25 (19486 turns).

qw the Severer (Gargoyle Fighter)                  Turns: 19486, Time: 00:15:26

Health: -3/86      AC: 41    Str: 34    XL:     16   Next: 8%
Magic:  16/16      EV: 17    Int:  8    God:    Okawaru [*****.]
Gold:   1355       SH:  7    Dex:  9    Spells: 15/15 levels left

rFire   + + .        l - +0 war axe (vamp)
rCold   + . .        c - +0 buckler
rNeg    + . .        B - +2 chain mail {rF+}
rPois   inf          G - +1 helmet
rElec   +            k - +2 cloak
rCorr   +            w - +2 pair of gloves of the Engineer {Will- Str+5}
SInv    .            y - +1 pair of boots of Indemnity {+Blink}
Will    .....        b - amulet of faith Stlth
                     v - +4 ring of slaying {mikee}
HPRegen 0.34/turn    (no ring)
MPRegen 0.15/turn

%: random rage (9%), faith
@: mighty, agile, about to teleport, resistant, heroic, flying, slowed, very
slow
A: sickness immunity, AC +12, big wings, negative energy resistance 1,
electricity resistance, torment resistance 1, petrification resistance, berserk
1[+1], [frail 2], [low MP 3]
a: Renounce Religion, Evoke Blink, Heroism, Finesse, Duel


You were on level 15 of the Dungeon.
You worshipped Okawaru.
Okawaru was extremely pleased with you.
You visited 2 branches of the dungeon, and saw 20 of its levels.
You visited the Abyss 1 time.

You collected 1355 gold pieces.


Innate Abilities, Weirdness & Mutations

You are immune to sickness and miasma.
Your stone body is resilient. (AC +12)
You are immune to poison.
Your large and strong wings let you fly.
You resist negative energy. (rN+)
You are resistant to electric shocks. (rElec)
You are resistant to unholy torment.
You are immune to petrification.
[You have an uncontrollable temper.]
[You are very frail. (-20% HP)]
[Your magical capacity is extremely low. (-30% MP)]


   Skills:
 - Level 15.0(20.0) Fighting
 - Level 16.0(21.0) Axes
 - Level 7.0(12.0) Throwing
 - Level 12.0(17.0) Armour
 - Level 4.1(9.1) Dodging
 + Level 9.3(14.3) Shields
 - Level 10.0 Invocations


You had 15 spell levels left.
You didn't know any spells.
Your spell library was empty.

Inventory:

Hand Weapons
 l - a +0 vampiric war axe (weapon)
 z - a +2 morningstar of protection
 A - a +1 heavy broad axe
Missiles
 r - 4 boomerangs (quivered)
Armour
 c - a +0 buckler (worn)
 e - the +2 scale mail of Lucidity {Rampage rCorr SInv}
   (Okawaru gifted it to you on level 3 of the Lair of Beasts)

   SInv:      It lets you see invisible.
   rCorr:     It protects you from acid and corrosion.
   Rampage:   It bestows one free step when moving towards enemies.
 k - a +2 cloak (worn)
 u - a +0 plate armour
 w - the +2 pair of gloves of the Engineer (worn) {Will- Str+5}
   (You found it on level 5 of the Dungeon)

   Str:       It affects your strength (+5).
   Will:      It decreases your willpower.
 y - the +1 pair of boots of Indemnity (worn) {+Blink}
   (You acquired it on level 8 of the Dungeon)

   +Blink:    It lets you blink.
 B - a +2 chain mail of fire resistance (worn)
 G - a +1 helmet (worn)
Jewellery
 b - an amulet of faith (around neck)
 f - a ring of ice
 v - a +4 ring of slaying (left hand) {mikee}
 x - an amulet of the acrobat
 E - an amulet of guardian spirit
Scrolls
 h - 6 scrolls of teleportation
 i - 3 scrolls of brand weapon
 q - 8 scrolls of identify
Potions
 a - a potion of attraction
 d - 4 potions of might
 g - a potion of mutation
 j - 9 potions of curing
 m - a potion of heal wounds
 n - 6 potions of lignification
 o - 3 potions of magic
 s - 4 potions of haste
 t - 4 potions of resistance
 F - a potion of cancellation

Dungeon Overview and Level Annotations

Branches:
Dungeon (15/15)            Temple (0/1) D:7            Lair (5/5) D:8
 Shoals (0/4) Lair:3        Snake (0/4) Lair:3        Slime (0/5) Lair:4
    Orc (0/2) D:9          Vaults (0/5) D:13         Depths (0/4) D:15

Altars:
Cheibriados
Elyvilon
Fedhas
Gozag
Makhleb
Okawaru
Qazlal
Ru
Uskayaw
Vehumet
Wu Jian
Xom
Yredelemnul
The Shining One
Jiyva

Shops:
D:13 (

Annotations:
D:3 1 runed translucent door, Crazy Yiuf
D:10 5 runed translucent doors
D:14 2 transporters, Cove's ghost, journeyman GrFi
Lair:5 1 runed translucent door, qw's ghost, journeyman MiHu


Message History

The lance of force hits you but does no damage.
The sun demon hits you but does no damage.
The wretched star pulses with an eldritch light!
You feel frail. x2
The balrug closely misses you.
You pass through the gate.
Welcome back to the Dungeon!
You are covered in liquid flames!
You are no longer on fire.
You hit the sun demon.
The sun demon is moderately wounded.
You hit the balrug. You closely miss the thrashing horror.
The thrashing horror tramples you but does no damage.
You block the thrashing horror's attack.
The balrug hits you with a +0 demon whip!
You are engulfed in flames.
You resist.
The wizard gestures at you while chanting.
The fireball explodes!
The fireball engulfs the balrug.
The balrug completely resists.
The fireball engulfs you! You resist.
The sun demon hits you but does no damage.
The thrashing horror tramples you but does no damage.
The thrashing horror tramples you.
You hold your ground!
You slash the balrug!
The balrug is heavily wounded.
You barely miss the thrashing horror. You slash the sun demon!
The balrug gestures at you. The bolt of fire hits you! You resist.
The bolt of fire hits the thrashing horror!!
The thrashing horror resists.
The sun demon hits you!
You are engulfed in flames.
You resist.
You block the thrashing horror's attack.
The thrashing horror tramples you but does no damage.
19486 ||| READING 7 scrolls of teleportation.
As you read the scroll of teleportation, it crumbles to dust.
You feel strangely unstable.
You block the thrashing horror's attack.
The thrashing horror completely misses you.
The balrug gestures at you. Something smites you! The sun demon misses you.
The sun demon hits you!
You die...

###.........))..
#...#.##($(............
#..........)...........
#.~~~~.~~~~~...........
#.~~~~.~~~~~.[)........
#.~~~~¤¤~~~p...........
#.~~~~¤¤¤~~~...........
#.~~~%¤2.¤.............
#.[..X@.¤¤~~.#.########
...~~¤~3.~~~~.#.#
.#.~~¤¤¤.~~~~.#.#
#.~¤~~~.~~~~.#.#
#.~~~~~.~~~~.#.#
..............#.#
###########.....
#######


You could see a balrug, a sun demon, a thrashing horror and a wizard.

Vanquished Creatures
  A bone dragon (Abyss:2)
  Kirke (Lair:4)
  A draconian monk (Abyss:2)
  Nessos (D:13)
  A dire elephant (D:15)
  Josephine (Lair:3)
  A fenstrider witch zombie (Abyss:2)
  4 vault guards (D:13)
  2 catoblepae
  6 hydras
  An ogre mage (D:15)
  4 boulder beetles
  3 centaur warriors
  3 death yaks (Lair:5)
  6 two-headed ogres
  A naga warrior (Abyss:2)
  Urug (D:11)
  2 tengu warriors (D:14)
  2 sun demons (Abyss:2)
  A sixfirhy (Abyss:2)
  Nergalle (Lair:3)
  A skyshark (Lair:4)
  A spatial maelstrom (Abyss:2)
  4 skeletal warriors (D:15)
  2 large abominations (Abyss:2)
  Pikel (D:9)
  A deep elf pyromancer (D:15)
  An orc knight (D:13)
  3 manticores
  3 oklob plants
  A wolf spider (D:15)
  4 cyclopes
  A worldbinder (Abyss:2)
  2 ugly things
  5 black mambas
  A dire elephant zombie (Abyss:2)
  Maurice (D:10)
  A guardian serpent (Abyss:2)
  A smoke demon (Abyss:2)
  3 gargoyles
  A torpor snail (Lair:5)
  14 cane toads
  9 elephants
  An apocalypse crab (Abyss:2)
  An unseen horror (D:11)
  Maggie (Lair:1)
  A kobold demonologist (D:12)
  A tengu conjurer (D:13)
  4 rime drakes
  12 komodo dragons
  A harpy zombie (Abyss:2)
  A hornet (shapeshifter) (D:13)
  An ancient zyme (Abyss:2)
  4 trolls
  8 hornets
  7 polar bears
  4 raiju (Abyss:2)
  9 dream sheep
  18 blink frogs
  10 slime creatures
  A shadow (D:9)
  Sigmund (D:3)
  5 flying skulls (Abyss:2)
  6 ynoxinuls (Abyss:2)
  A vampire (D:12)
  42 yaks
  15 spriggans (Lair:5)
  5 hogs
  4 humans
  2 neqoxecs (Abyss:2)
  A water elemental (D:15)
  7 wraiths
  6 basilisks
  8 wyverns
  A chaos spawn (Abyss:2)
  A steam dragon (D:8)
  A golden eye (shapeshifter) (D:14)
  7 vampire mosquitoes
  A spatial vortex (Abyss:2)
  2 nagas (Abyss:2)
  Edmund (D:5)
  An acid dragon (D:12)
  16 water moccasins
  6 orc warriors
  2 sky beasts
  2 ice beasts
  4 black bears
  2 small abominations (Abyss:2)
  3 boggarts (Lair:5)
  36 wolves
  An ogre (D:15)
  3 centaurs (D:13)
  A phantom (D:7)
  2 lemures (D:9)
  2 kobold brigands
  Blork the orc (D:6)
  14 bullfrogs
  5 scorpions
  4 wights (D:8)
  6 killer bees (D:9)
  An electric eel (D:15)
  6 howler monkeys
  A lava snake (Lair:4)
  2 quasits (Abyss:2)
  2 hounds
  2 orc priests (D:10)
  A gnoll bouda (D:9)
  A sleepcap (D:7)
  7 hell rats (Lair:1)
  3 iguanas
  5 orc wizards
  7 gnolls
  7 adders
  10 river rats (Lair:1)
  A shadow imp (D:6)
  15 white imps
  An ufetubus (Abyss:2)
  A dart slug (D:1)
  28 orcs
  9 bats
  4 endoplasms
  4 giant cockroaches
  8 hobgoblins
  5 jackals (D:1)
  11 kobolds
  3 quokkas
  6 ball pythons
  6 frilled lizards
  5 goblins
  10 rats
  A lurking horror (Abyss:2)
591 creatures vanquished.

Vanquished Creatures (others)
  An ogre mage (D:13)
  A kobold brigand (D:8)
2 creatures vanquished.

Grand Total: 593 creatures vanquished

Notes
Turn   | Place    | Note
-------+----------+-------------------------------------------
     0 | D:1      | qw the Gargoyle Fighter began the quest for the Orb.
     0 | D:1      | Reached XP level 1. HP: 14/14 MP: 1/1
     0 | D:1      | 0 ||| qw: Version: 0.2-a-29-g511e9b1
     0 | D:1      | 0 ||| qw: Game counter: 5188
     0 | D:1      | 0 ||| qw: Always use a shield: true
     0 | D:1      | 0 ||| qw: God list: Okawaru
     0 | D:1      | 0 ||| qw: Allow faded altars: false
     0 | D:1      | 0 ||| qw: Do Orc after D:15 true
     0 | D:1      | 0 ||| qw: Do second Lair branch before Depths: true
     0 | D:1      | 0 ||| qw: Lair rune preference: random
     0 | D:1      | 0 ||| qw: Plans: Normal, Zot:1-4, Slime:5, God:TSO, Crypt,
                  | Tomb, Abyss, Pan, Hells, Win
     0 | D:1      | 0 ||| PLANNING D:1-11
    60 | D:1      | 60 ||| Stepping ~*~*~tactically~*~*~ (stealth).
    61 | D:1      | 61 ||| Stepping ~*~*~tactically~*~*~ (stealth).
    64 | D:1      | Reached skill level 2 in Axes
   114 | D:1      | Reached XP level 2. HP: 19/19 MP: 2/2
   368 | D:1      | Reached skill level 3 in Axes
   374 | D:1      | Reached XP level 3. HP: 23/23 MP: 3/3
   866 | D:1      | 866 ||| READING 2 scrolls labelled RIPNOX KOUKKO.
   867 | D:1      | 867 ||| READING scroll labelled FAIN OBOGU.
   868 | D:1      | 868 ||| READING 2 scrolls labelled XOOWKO EXTAAZ.
   873 | D:1      | 873 ||| READING 3 scrolls labelled KUSAILO BOKHOH.
   977 | D:1      | 977 ||| DROPPING scroll of amnesia.
  1211 | D:2      | 1211 ||| Stepping ~*~*~tactically~*~*~ (stealth).
  1212 | D:2      | 1212 ||| Stepping ~*~*~tactically~*~*~ (stealth).
  1444 | D:2      | Reached XP level 4. HP: 28/28 MP: 4/4
  1452 | D:2      | 1452 ||| FLEEEEING.
  1460 | D:2      | 1460 ||| Stepping ~*~*~tactically~*~*~ (hiding).
  1972 | D:2      | 1972 ||| UPGRADING to +0 cloak.
  1977 | D:2      | 1977 ||| READING scroll labelled NUDDUSISSI.
  1978 | D:2      | 1978 ||| DRINKING 2 puce potions.
  1979 | D:2      | 1979 ||| DROPPING potion of brilliance.
  2004 | D:3      | Reached skill level 4 in Axes
  2032 | D:3      | Found a runed translucent door.
  2033 | D:3      | 2033 ||| DROPPING +0 club.
  2034 | D:3      | Noticed Crazy Yiuf
  2315 | D:3      | Noticed Sigmund
  2316 | D:3      | 2316 ||| Stepping ~*~*~tactically~*~*~ (hiding).
  2317 | D:3      | 2317 ||| Stepping ~*~*~tactically~*~*~ (hiding).
  2319 | D:3      | 2319 ||| Stepping ~*~*~tactically~*~*~ (hiding).
  2329 | D:3      | Killed Sigmund
  2330 | D:3      | Reached skill level 5 in Axes
  2330 | D:3      | Reached XP level 5. HP: 27/32 MP: 5/5
  2330 | D:3      | Reached XP level 6. HP: 31/37 MP: 6/6
  2355 | D:3      | Found a sacrificial altar of Ru.
  2588 | D:3      | 2588 ||| READING scroll labelled SEABON UBID.
  2589 | D:3      | 2589 ||| DRINKING 2 emerald potions.
  2590 | D:3      | 2590 ||| DRINKING 2 grey potions.
  2723 | D:4      | 2723 ||| Stepping ~*~*~tactically~*~*~ (stealth).
  2725 | D:4      | 2725 ||| Stepping ~*~*~tactically~*~*~ (stealth).
  2738 | D:4      | 2738 ||| Stepping ~*~*~tactically~*~*~ (hiding).
  2740 | D:4      | 2740 ||| Stepping ~*~*~tactically~*~*~ (hiding).
  2741 | D:4      | 2741 ||| Stepping ~*~*~tactically~*~*~ (hiding).
  2960 | D:4      | Noticed an ice beast
  2971 | D:4      | Killed an ice beast
  3023 | D:4      | 3023 ||| DROPPING +0 hand axe.
  3039 | D:4      | Found a blossoming altar of Fedhas.
  3316 | D:4      | 3316 ||| READING scroll labelled KEIKHL IMOGALY.
  3317 | D:4      | 3317 ||| READING scroll labelled EGOERR BA IMAS.
  3318 | D:4      | 3318 ||| READING 2 scrolls of identify.
  3318 | D:4      | 3318 ||| IDENTIFYING pink potion
  3319 | D:4      | 3319 ||| DROPPING potion of berserk rage.
  3359 | D:5      | Entered Level 5 of the Dungeon
  3377 | D:5      | Reached skill level 1 in Dodging
  3377 | D:5      | Reached XP level 7. HP: 44/44 MP: 7/7
  3386 | D:5      | Noticed Edmund
  3402 | D:5      | Killed Edmund
  3403 | D:5      | Reached skill level 6 in Axes
  3429 | D:5      | 3429 ||| Stepping ~*~*~tactically~*~*~ (stealth).
  3430 | D:5      | 3430 ||| DROPPING +0 hammer.
  3653 | D:5      | Identified the +2 pair of gloves of the Engineer {Will-
                  | Str+5}
  3766 | D:5      | 3766 ||| UPGRADING to +0 chain mail.
  3776 | D:5      | 3776 ||| DROPPING +0 scale mail.
  3777 | D:5      | 3777 ||| UPGRADING to +0 plate armour.
  3787 | D:5      | 3787 ||| DROPPING +0 chain mail.
  3788 | D:5      | 3788 ||| UPGRADING to +2 pair of gloves of the Engineer
                  | {Will- Str+5}.
  3793 | D:5      | 3793 ||| READING scroll labelled COTATHI DUAK.
  3794 | D:5      | 3794 ||| READING scroll labelled FERIPL MOTUITI.
  3825 | D:5      | 3825 ||| READING 2 scrolls of identify.
  3825 | D:5      | 3825 ||| IDENTIFYING inky potion
  3863 | D:6      | Reached XP level 8. HP: 45/48 MP: 8/8
  3898 | D:6      | Reached skill level 7 in Axes
  3913 | D:6      | Found a hide-covered altar of Uskayaw.
  3949 | D:6      | Noticed Blork the orc
  3959 | D:6      | Killed Blork the orc
  4024 | D:6      | 4024 ||| Stepping ~*~*~tactically~*~*~ (stealth).
  4041 | D:6      | Reached skill level 8 in Axes
  4157 | D:6      | 4157 ||| FLEEEEING.
  4158 | D:6      | 4158 ||| FLEEEEING.
  4159 | D:6      | 4159 ||| FLEEEEING.
  4160 | D:6      | 4160 ||| FLEEEEING.
  4161 | D:6      | 4161 ||| STAIRDANCE
  4263 | D:5      | 4263 ||| UPGRADING to +4 ring of slaying {mikee}.
  4264 | D:5      | 4264 ||| READING scroll labelled HENIPL CEISH.
  4264 | D:5      | Identified a scroll of acquirement
  4264 | D:5      | 4264 ||| ACQUIRING +3 morningstar "Pux Gaipn" {pain,
                  | Stlth+}
  4264 | D:5      | Acquired the +3 morningstar "Pux Gaipn" {pain, Stlth+}
  4266 | D:5      | 4266 ||| DRINKING 2 fizzy puce potions.
  4305 | D:5      | 4305 ||| DRINKING 2 fizzy inky potions.
  4309 | D:6      | 4309 ||| Stepping ~*~*~tactically~*~*~ (stealth).
  4351 | D:6      | 4351 ||| Stepping ~*~*~tactically~*~*~ (stealth).
  4354 | D:6      | 4354 ||| Stepping ~*~*~tactically~*~*~ (stealth).
  4377 | D:6      | 4377 ||| READING scroll of enchant armour.
  4377 | D:6      | 4377 ||| ENCHANTING +0 cloak.
  4412 | D:6      | 4412 ||| UPGRADING to amulet of the acrobat.
  4422 | D:6      | Reached skill level 6 in Fighting
  4442 | D:6      | Found a burning altar of Makhleb.
  4457 | D:6      | Reached XP level 9. HP: 56/56 MP: 9/9
  4460 | D:6      | Identified the +2 robe "Inol" {Rampage rF+++ Int-5 Stlth-}
  4720 | D:7      | Reached skill level 9 in Axes
  4736 | D:7      | 4736 ||| Stepping ~*~*~tactically~*~*~ (stealth).
  4738 | D:7      | 4738 ||| Stepping ~*~*~tactically~*~*~ (stealth).
  4875 | D:7      | 4875 ||| Stepping ~*~*~tactically~*~*~ (stealth).
  5026 | D:7      | Found an ornate altar of the Wu Jian Council.
  5038 | D:7      | Found an opulent altar of Gozag.
  5038 | D:7      | Noticed a hornet
  5043 | D:7      | Killed a hornet
  5044 | D:7      | Reached skill level 6 in Armour
  5174 | D:7      | Found a snail-covered altar of Cheibriados.
  5174 | D:7      | Found an iron altar of Okawaru.
  5175 | D:7      | 5175 ||| PLANNING OKAWARU WORSHIP
  5175 | D:7      | 5175 ||| READING 2 scrolls of identify.
  5175 | D:7      | 5175 ||| IDENTIFYING clear potion
  5177 | D:7      | Found a shimmering altar of Xom.
  5183 | D:7      | Became a worshipper of Warmaster Okawaru
  5184 | D:7      | 5184 ||| PLANNING D:1-11
  5208 | D:7      | Found a staircase to the Ecumenical Temple.
  5464 | D:7      | 5464 ||| READING 2 scrolls of identify.
  5464 | D:7      | 5464 ||| IDENTIFYING coppery potion
  5536 | D:8      | Noticed a hornet
  5551 | D:8      | Killed a hornet
  5561 | D:8      | 5561 ||| Stepping ~*~*~tactically~*~*~ (stealth).
  5621 | D:8      | Found a white marble altar of Elyvilon.
  5626 | D:8      | 5626 ||| READING scroll of acquirement.
  5626 | D:8      | 5626 ||| ACQUIRING +1 pair of boots of Indemnity {+Blink}
  5626 | D:8      | Acquired the +1 pair of boots of Indemnity {+Blink}
  5628 | D:8      | 5628 ||| UPGRADING to +1 pair of boots of Indemnity
                  | {+Blink}.
  5657 | D:8      | 5657 ||| Stepping ~*~*~tactically~*~*~ (hiding).
  5663 | D:8      | Reached skill level 10 in Axes
  5669 | D:8      | Reached * piety under Okawaru
  5685 | D:8      | 5685 ||| Stepping ~*~*~tactically~*~*~ (stealth).
  5691 | D:8      | Reached XP level 10. HP: 54/63 MP: 10/10
  5695 | D:8      | Reached skill level 1 in Invocations
  5722 | D:8      | 5722 ||| DROPPING +3 morningstar "Pux Gaipn" {pain,
                  | Stlth+}.
  5723 | D:8      | 5723 ||| DROPPING +2 flail of protection.
  5848 | D:8      | Found a staircase to the Lair.
  5856 | D:8      | 5856 ||| INVOKING Heroism.
  5891 | D:8      | Found a glowing golden altar of the Shining One.
  5948 | D:8      | 5948 ||| Stepping ~*~*~tactically~*~*~ (stealth).
  6001 | D:8      | 6001 ||| Stepping ~*~*~tactically~*~*~ (stealth).
  6089 | D:8      | Found a basalt altar of Yredelemnul.
  6116 | D:8      | Reached skill level 3 in Invocations
  6397 | D:8      | 6397 ||| PLANNING LAIR
  6397 | D:8      | 6397 ||| READING 3 scrolls of identify.
  6397 | D:8      | 6397 ||| IDENTIFYING viscous pink potion
  6398 | D:8      | 6398 ||| READING 2 scrolls of identify.
  6398 | D:8      | 6398 ||| IDENTIFYING bubbling blue potion
  6399 | D:8      | 6399 ||| DROPPING potion of enlightenment.
  6490 | Lair:1   | Entered Level 1 of the Lair of Beasts
  6523 | Lair:1   | Noticed a cane toad
  6525 | Lair:1   | 6525 ||| INVOKING Heroism.
  6534 | Lair:1   | Killed a cane toad
  6549 | Lair:1   | Reached ** piety under Okawaru
  6611 | Lair:1   | 6611 ||| Stepping ~*~*~tactically~*~*~ (stealth).
  6613 | Lair:1   | 6613 ||| INVOKING Heroism.
  6616 | Lair:1   | Reached skill level 11 in Axes
  6620 | Lair:1   | Noticed a cane toad
  6640 | Lair:1   | 6640 ||| INVOKING Heroism.
  6642 | Lair:1   | Killed a cane toad
  6643 | Lair:1   | Reached XP level 11. HP: 69/69 MP: 11/14
  6644 | Lair:1   | Reached skill level 9 in Fighting
  6695 | Lair:1   | 6695 ||| INVOKING Heroism.
  6762 | Lair:1   | 6762 ||| INVOKING Heroism.
  6814 | Lair:1   | Reached *** piety under Okawaru
  6874 | Lair:1   | 6874 ||| INVOKING Heroism.
  6875 | Lair:1   | 6875 ||| Stepping ~*~*~tactically~*~*~ (stealth).
  6881 | Lair:1   | Received a gift from Okawaru
  6943 | Lair:1   | 6943 ||| INVOKING Heroism.
  6946 | Lair:1   | 6946 ||| Stepping ~*~*~tactically~*~*~ (hiding).
  6947 | Lair:1   | 6947 ||| Stepping ~*~*~tactically~*~*~ (hiding).
  6961 | Lair:1   | Reached skill level 12 in Axes
  7026 | Lair:1   | 7026 ||| Stepping ~*~*~tactically~*~*~ (stealth).
  7030 | Lair:1   | 7030 ||| INVOKING Heroism.
  7043 | Lair:1   | 7043 ||| FLEEEEING.
  7044 | Lair:1   | 7044 ||| FLEEEEING.
  7045 | Lair:1   | 7045 ||| FLEEEEING.
  7046 | Lair:1   | 7046 ||| FLEEEEING.
  7047 | Lair:1   | 7047 ||| FLEEEEING.
  7048 | Lair:1   | 7048 ||| FLEEEEING.
  7049 | Lair:1   | 7049 ||| FLEEEEING.
  7055 | Lair:1   | 7055 ||| FLEEEEING.
  7056 | Lair:1   | 7056 ||| FLEEEEING.
  7057 | Lair:1   | 7057 ||| FLEEEEING.
  7058 | Lair:1   | 7058 ||| FLEEEEING.
  7059 | Lair:1   | 7059 ||| FLEEEEING.
  7060 | Lair:1   | 7060 ||| FLEEEEING.
  7061 | Lair:1   | 7061 ||| FLEEEEING.
  7062 | Lair:1   | 7062 ||| FLEEEEING.
  7063 | Lair:1   | 7063 ||| FLEEEEING.
  7064 | Lair:1   | 7064 ||| FLEEEEING.
  7065 | Lair:1   | 7065 ||| FLEEEEING.
  7066 | Lair:1   | 7066 ||| FLEEEEING.
  7067 | Lair:1   | 7067 ||| FLEEEEING.
  7068 | Lair:1   | 7068 ||| FLEEEEING.
  7069 | Lair:1   | 7069 ||| FLEEEEING.
  7070 | Lair:1   | 7070 ||| FLEEEEING.
  7071 | Lair:1   | 7071 ||| FLEEEEING.
  7072 | Lair:1   | 7072 ||| FLEEEEING.
  7073 | Lair:1   | 7073 ||| FLEEEEING.
  7185 | Lair:1   | 7185 ||| Stepping ~*~*~tactically~*~*~ (stealth).
  7186 | Lair:1   | 7186 ||| Stepping ~*~*~tactically~*~*~ (stealth).
  7187 | Lair:1   | 7187 ||| Stepping ~*~*~tactically~*~*~ (stealth).
  7203 | Lair:1   | 7203 ||| READING scroll of enchant armour.
  7203 | Lair:1   | 7203 ||| ENCHANTING +1 cloak.
  7242 | Lair:1   | Noticed Maggie
  7243 | Lair:1   | 7243 ||| INVOKING Heroism.
  7263 | Lair:1   | Killed Maggie
  7266 | Lair:1   | 7266 ||| DROPPING +0 war axe.
  7604 | Lair:1   | 7604 ||| DROPPING ring of magical power.
  7605 | Lair:1   | 7605 ||| READING scroll labelled ISCHOROPHINY.
  7606 | Lair:1   | 7606 ||| READING 2 scrolls of identify.
  7606 | Lair:1   | 7606 ||| IDENTIFYING fuming white potion
  7638 | Lair:2   | 7638 ||| INVOKING Heroism.
  7643 | Lair:2   | Reached skill level 3 in Throwing
  7647 | Lair:2   | Reached skill level 6 in Shields
  7680 | Lair:2   | 7680 ||| Stepping ~*~*~tactically~*~*~ (stealth).
  7681 | Lair:2   | 7681 ||| INVOKING Heroism.
  7709 | Lair:2   | 7709 ||| INVOKING Heroism.
  7852 | Lair:2   | Reached skill level 9 in Armour
  7896 | Lair:2   | Reached **** piety under Okawaru
  7950 | Lair:2   | 7950 ||| Stepping ~*~*~tactically~*~*~ (stealth).
  7956 | Lair:2   | 7956 ||| INVOKING Heroism.
  7976 | Lair:2   | Reached XP level 12. HP: 77/77 MP: 15/15
  8050 | Lair:2   | 8050 ||| INVOKING Heroism.
  8146 | Lair:2   | 8146 ||| Stepping ~*~*~tactically~*~*~ (stealth).
  8147 | Lair:2   | 8147 ||| INVOKING Heroism.
  8195 | Lair:2   | Noticed a four-headed hydra
  8196 | Lair:2   | 8196 ||| INVOKING Heroism.
  8201 | Lair:2   | 8201 ||| SWAPPING to +2 morningstar of protection.
  8203 | Lair:2   | Killed a four-headed hydra
  8204 | Lair:2   | Reached skill level 6 in Invocations
  8204 | Lair:2   | 8204 ||| UPGRADING to +0 vampiric war axe.
  8394 | Lair:2   | 8394 ||| UPGRADING to amulet of faith.
  8451 | Lair:3   | 8451 ||| Stepping ~*~*~tactically~*~*~ (stealth).
  8480 | Lair:3   | 8480 ||| Stepping ~*~*~tactically~*~*~ (stealth).
  8529 | Lair:3   | Found a blossoming altar of Fedhas.
  8529 | Lair:3   | Noticed Nergalle
  8531 | Lair:3   | 8531 ||| INVOKING Heroism.
  8536 | Lair:3   | Killed Nergalle
  8578 | Lair:3   | 8578 ||| INVOKING Heroism.
  8749 | Lair:3   | Noticed a catoblepas
  8750 | Lair:3   | 8750 ||| INVOKING Heroism.
  8757 | Lair:3   | Killed a catoblepas
  8782 | Lair:3   | 8782 ||| Stepping ~*~*~tactically~*~*~ (stealth).
  8784 | Lair:3   | 8784 ||| Stepping ~*~*~tactically~*~*~ (hiding).
  8816 | Lair:3   | 8816 ||| Stepping ~*~*~tactically~*~*~ (stealth).
  8839 | Lair:3   | Noticed Josephine
  8855 | Lair:3   | Killed Josephine
  8855 | Lair:3   | Reached ***** piety under Okawaru
  8869 | Lair:3   | Reached skill level 13 in Axes
  8883 | Lair:3   | 8883 ||| Stepping ~*~*~tactically~*~*~ (stealth).
  8916 | Lair:3   | Identified the +2 scale mail of Lucidity {Rampage rCorr
                  | SInv} (Okawaru gifted it to you on level 3 of the Lair of
                  | Beasts)
  8916 | Lair:3   | Received a gift from Okawaru
  8923 | Lair:3   | 8923 ||| INVOKING Heroism.
  8930 | Lair:3   | Reached skill level 9 in Invocations
  8950 | Lair:3   | 8950 ||| INVOKING Heroism.
  9098 | Lair:3   | 9098 ||| Stepping ~*~*~tactically~*~*~ (stealth).
  9099 | Lair:3   | 9099 ||| Stepping ~*~*~tactically~*~*~ (stealth).
  9146 | Lair:3   | 9146 ||| INVOKING Heroism.
  9156 | Lair:3   | Reached XP level 13. HP: 82/82 MP: 18/20
  9169 | Lair:3   | Found a staircase to the Shoals.
  9522 | Lair:3   | Found a staircase to the Snake Pit.
  9635 | Lair:4   | 9635 ||| INVOKING Heroism.
  9655 | Lair:4   | Found a frozen archway.
  9756 | Lair:4   | 9756 ||| INVOKING Heroism.
  9829 | Lair:4   | Found a viscous altar of Jiyva.
  9830 | Lair:4   | Found a staircase to the Slime Pits.
  9831 | Lair:4   | 9831 ||| INVOKING Heroism.
  9832 | Lair:4   | 9832 ||| INVOKING Finesse.
  9833 | Lair:4   | 9833 ||| FLEEEEING.
  9883 | Lair:4   | 9883 ||| Stepping ~*~*~tactically~*~*~ (stealth).
  9899 | Lair:4   | 9899 ||| INVOKING Heroism.
  9908 | Lair:4   | 9908 ||| DRINKING 2 potions of cancellation.
 10102 | Lair:4   | 10102 ||| INVOKING Heroism.
 10185 | Lair:4   | 10185 ||| INVOKING Heroism.
 10361 | Lair:4   | 10361 ||| INVOKING Heroism.
 10443 | Lair:4   | 10443 ||| UPGRADING to +0 helmet.
 10448 | Lair:4   | 10448 ||| INVOKING Heroism.
 10523 | Lair:4   | 10523 ||| INVOKING Heroism.
 10528 | Lair:4   | Reached skill level 14 in Axes
 10733 | Lair:5   | Entered Level 5 of the Lair of Beasts
 10736 | Lair:5   | Noticed Kirke
 10736 | Lair:5   | 10736 ||| INVOKING Heroism.
 10746 | Lair:5   | 10746 ||| STAIRDANCE
 10748 | Lair:4   | 10748 ||| DRINKING potion of cancellation.
 10769 | Lair:4   | HP: 9/82 [Kirke (13)]
 10770 | Lair:4   | 10770 ||| READING 7 scrolls of teleportation.
 10771 | Lair:4   | Killed Kirke
 10961 | Lair:5   | 10961 ||| INVOKING Heroism.
 11007 | Lair:5   | 11007 ||| INVOKING Heroism.
 11023 | Lair:5   | Received a gift from Okawaru
 11094 | Lair:5   | Found a runed translucent door.
 11094 | Lair:5   | Noticed qw's ghost (journeyman MiHu)
 11138 | Lair:5   | 11138 ||| INVOKING Heroism.
 11166 | Lair:5   | 11166 ||| Stepping ~*~*~tactically~*~*~ (stealth).
 11170 | Lair:5   | 11170 ||| INVOKING Heroism.
 11198 | Lair:5   | 11198 ||| Stepping ~*~*~tactically~*~*~ (stealth).
 11204 | Lair:5   | 11204 ||| Stepping ~*~*~tactically~*~*~ (stealth).
 11211 | Lair:5   | 11211 ||| Stepping ~*~*~tactically~*~*~ (hiding).
 11229 | Lair:5   | Gained mutation: Your large and strong wings let you fly.
                  | [Gargoyle growth]
 11229 | Lair:5   | Reached XP level 14. HP: 83/90 MP: 21/21
 11254 | Lair:5   | 11254 ||| Stepping ~*~*~tactically~*~*~ (stealth).
 11255 | Lair:5   | 11255 ||| INVOKING Heroism.
 11256 | Lair:5   | 11256 ||| INVOKING Finesse.
 11261 | Lair:5   | 11261 ||| Stepping ~*~*~tactically~*~*~ (stealth).
 11266 | Lair:5   | 11266 ||| Stepping ~*~*~tactically~*~*~ (stealth).
 11301 | Lair:5   | 11301 ||| INVOKING Heroism.
 11361 | Lair:5   | 11361 ||| Stepping ~*~*~tactically~*~*~ (stealth).
 11362 | Lair:5   | 11362 ||| INVOKING Finesse.
 11365 | Lair:5   | 11365 ||| INVOKING Heroism.
 11370 | Lair:5   | 11370 ||| SWAPPING to +2 morningstar of protection.
 11389 | Lair:5   | 11389 ||| UPGRADING to +0 vampiric war axe.
 11408 | Lair:5   | 11408 ||| Stepping ~*~*~tactically~*~*~ (stealth).
 11414 | Lair:5   | 11414 ||| Stepping ~*~*~tactically~*~*~ (stealth).
 11471 | Lair:5   | 11471 ||| INVOKING Heroism.
 11512 | Lair:5   | Identified the +8 flail of Resourcefulness {freeze, Int+3
                  | Dex+2}
 11521 | Lair:5   | 11521 ||| INVOKING Heroism.
 11579 | Lair:5   | 11579 ||| INVOKING Heroism.
 11581 | Lair:5   | Reached skill level 15 in Axes
 11591 | Lair:5   | 11591 ||| Stepping ~*~*~tactically~*~*~ (stealth).
 11774 | Lair:5   | 11774 ||| Stepping ~*~*~tactically~*~*~ (stealth).
 11799 | Lair:5   | 11799 ||| INVOKING Heroism.
 11801 | Lair:5   | 11801 ||| Stepping ~*~*~tactically~*~*~ (stealth).
 11866 | Lair:5   | Received a gift from Okawaru
 11912 | Lair:5   | Reached skill level 6 in Throwing
 11945 | Lair:5   | 11945 ||| INVOKING Heroism.
 11951 | Lair:5   | Reached skill level 12 in Fighting
 11951 | Lair:5   | 11951 ||| SWAPPING to +2 morningstar of protection.
 11970 | Lair:5   | 11970 ||| Stepping ~*~*~tactically~*~*~ (stealth).
 11971 | Lair:5   | 11971 ||| Stepping ~*~*~tactically~*~*~ (stealth).
 11979 | Lair:5   | 11979 ||| UPGRADING to +0 vampiric war axe.
 12046 | Lair:5   | 12046 ||| Stepping ~*~*~tactically~*~*~ (stealth).
 12176 | Lair:5   | 12176 ||| INVOKING Heroism.
 12177 | Lair:5   | 12177 ||| INVOKING Finesse.
 12181 | Lair:5   | 12181 ||| SWAPPING to +2 morningstar of protection.
 12187 | Lair:5   | Received a gift from Okawaru
 12188 | Lair:5   | Reached skill level 3 in Dodging
 12197 | Lair:5   | 12197 ||| UPGRADING to +0 vampiric war axe.
 12414 | Lair:5   | 12414 ||| DRINKING 2 cyan potions.
 12415 | Lair:5   | 12415 ||| PLANNING D:1-11
 12415 | Lair:5   | 12415 ||| DROPPING potion of degeneration.
 12914 | D:9      | 12914 ||| Stepping ~*~*~tactically~*~*~ (stealth).
 12917 | D:9      | 12917 ||| Stepping ~*~*~tactically~*~*~ (stealth).
 13107 | D:9      | Found a radiant altar of Vehumet.
 13238 | D:9      | Noticed Pikel
 13247 | D:9      | Killed Pikel
 13247 | D:9      | Received a gift from Okawaru
 13499 | D:9      | Found a staircase to the Orcish Mines.
 13563 | D:9      | 13563 ||| UPGRADING to +2 chain mail of fire resistance.
 13573 | D:9      | 13573 ||| DROPPING ring of wizardry.
 13574 | D:9      | 13574 ||| READING scroll labelled YPUCZISHR DO AGIA.
 13598 | D:10     | Entered Level 10 of the Dungeon
 13621 | D:10     | 13621 ||| FLEEEEING.
 13622 | D:10     | 13622 ||| FLEEEEING.
 13623 | D:10     | 13623 ||| FLEEEEING.
 13624 | D:10     | 13624 ||| FLEEEEING.
 13625 | D:10     | 13625 ||| FLEEEEING.
 13626 | D:10     | 13626 ||| FLEEEEING.
 13627 | D:10     | 13627 ||| FLEEEEING.
 13628 | D:10     | 13628 ||| FLEEEEING.
 13686 | D:10     | Noticed Maurice
 13695 | D:10     | Killed Maurice
 13756 | D:10     | Found the +9 staff of Olgreb {rPois∞}
 13782 | D:10     | Found a runed translucent door.
 13793 | D:10     | Found a runed translucent gate.
 13910 | D:10     | Found a stormy altar of Qazlal.
 13960 | D:10     | Found a runed translucent gate.
 13960 | D:10     | Found a runed translucent gate.
 13961 | D:10     | Found a runed translucent door.
 14322 | D:10     | 14322 ||| Stepping randomly (stuck).
 14368 | D:11     | Noticed Urug
 14369 | D:11     | 14369 ||| INVOKING Heroism.
 14370 | D:11     | 14370 ||| INVOKING Finesse.
 14375 | D:11     | Paralysed by Urug for 4 turns
 14385 | D:11     | Paralysed by Urug for 3 turns
 14395 | D:11     | Killed Urug
 14703 | D:11     | Found an opulent altar of Gozag.
 14785 | D:11     | Found the +7 staff of the Meek {protect, meekguard}
 14971 | D:11     | 14971 ||| Stepping ~*~*~tactically~*~*~ (hiding).
 14972 | D:11     | 14972 ||| Stepping ~*~*~tactically~*~*~ (hiding).
 15128 | D:11     | 15128 ||| PLANNING D
 15128 | D:11     | 15128 ||| READING 2 scrolls labelled AMNIRU GIERCH.
 15129 | D:11     | 15129 ||| DROPPING scroll of poison.
 15147 | D:12     | 15147 ||| Stepping ~*~*~tactically~*~*~ (hiding).
 15148 | D:12     | 15148 ||| Stepping ~*~*~tactically~*~*~ (hiding).
 15150 | D:12     | 15150 ||| Stepping ~*~*~tactically~*~*~ (hiding).
 15163 | D:12     | 15163 ||| INVOKING Heroism.
 15164 | D:12     | 15164 ||| READING 8 scrolls of teleportation.
 15168 | D:12     | HP: 13/92 [titanic slime creature (77)]
 15169 | D:12     | 15169 ||| DRINKING 3 potions of heal wounds.
 15170 | D:12     | 15170 ||| DRINKING 2 potions of heal wounds.
 15394 | D:12     | 15394 ||| Stepping ~*~*~tactically~*~*~ (stealth).
 15497 | D:12     | 15497 ||| Stepping ~*~*~tactically~*~*~ (stealth).
 15499 | D:12     | 15499 ||| Stepping ~*~*~tactically~*~*~ (stealth).
 15502 | D:12     | 15502 ||| INVOKING Heroism.
 15503 | D:12     | 15503 ||| READING 7 scrolls of teleportation.
 15522 | D:12     | 15522 ||| Stepping ~*~*~tactically~*~*~ (stealth).
 15523 | D:12     | 15523 ||| Stepping ~*~*~tactically~*~*~ (stealth).
 15524 | D:12     | 15524 ||| Stepping ~*~*~tactically~*~*~ (stealth).
 15526 | D:12     | 15526 ||| Stepping ~*~*~tactically~*~*~ (stealth).
 15547 | D:12     | Reached skill level 16 in Axes
 15603 | D:12     | 15603 ||| INVOKING Heroism.
 15604 | D:12     | 15604 ||| INVOKING Finesse.
 15936 | D:12     | 15936 ||| Stepping ~*~*~tactically~*~*~ (stealth).
 15940 | D:12     | 15940 ||| Stepping ~*~*~tactically~*~*~ (hiding).
 16258 | D:13     | Reached XP level 15. HP: 96/96 MP: 22/22
 16450 | D:13     | Received a gift from Okawaru
 16499 | D:13     | Found Hosibb's Antique Weapon Shop.
 16535 | D:13     | 16535 ||| INVOKING Heroism.
 16633 | D:13     | Noticed Nessos
 16634 | D:13     | 16634 ||| Stepping ~*~*~tactically~*~*~ (hiding).
 16647 | D:13     | 16647 ||| INVOKING Heroism.
 16654 | D:13     | Paralysed by something for 2 turns
 16657 | D:13     | 16657 ||| Stepping ~*~*~tactically~*~*~ (hiding).
 16661 | D:13     | Killed Nessos
 16776 | D:13     | Found a gate to the Vaults.
 16777 | D:13     | 16777 ||| INVOKING Heroism.
 16794 | D:13     | Received a gift from Okawaru
 16858 | D:13     | 16858 ||| Stepping ~*~*~tactically~*~*~ (hiding).
 16864 | D:13     | 16864 ||| INVOKING Heroism.
 17013 | D:13     | 17013 ||| Stepping ~*~*~tactically~*~*~ (stealth).
 17198 | D:13     | 17198 ||| Stepping ~*~*~tactically~*~*~ (hiding).
 17205 | D:13     | Received a gift from Okawaru
 17408 | D:13     | 17408 ||| READING scroll labelled LIOBROUMO.
 17430 | D:14     | Found a transporter.
 17430 | D:14     | Found a transporter.
 17430 | D:14     | Noticed Cove's ghost (journeyman GrFi)
 17463 | D:14     | 17463 ||| Stepping ~*~*~tactically~*~*~ (hiding).
 17752 | D:14     | 17752 ||| Stepping ~*~*~tactically~*~*~ (hiding).
 17797 | D:14     | Reached skill level 9 in Shields
 17798 | D:14     | 17798 ||| INVOKING Heroism.
 17813 | D:14     | Received a gift from Okawaru
 18223 | D:14     | 18223 ||| UPGRADING to +1 helmet.
 18233 | D:14     | 18233 ||| DROPPING +0 helmet.
 18255 | D:15     | Entered Level 15 of the Dungeon
 18270 | D:15     | 18270 ||| Stepping ~*~*~tactically~*~*~ (stealth).
 18272 | D:15     | Found a staircase to the Depths.
 18274 | D:15     | 18274 ||| INVOKING Heroism.
 18277 | D:15     | 18277 ||| INVOKING Finesse.
 18364 | D:15     | 18364 ||| INVOKING Heroism.
 18392 | D:15     | Paralysed by something for 2 turns
 18503 | D:15     | 18503 ||| INVOKING Heroism.
 18552 | Abyss:2  | Cast into level 2 of the Abyss (a wizard)
 18600 | Abyss:2  | 18600 ||| Stepping ~*~*~tactically~*~*~ (hiding).
 18667 | Abyss:2  | 18667 ||| Stepping ~*~*~tactically~*~*~ (stealth).
 18671 | Abyss:2  | Noticed a green draconian monk
 18671 | Abyss:2  | 18671 ||| Stepping ~*~*~tactically~*~*~ (stealth).
 18673 | Abyss:2  | 18673 ||| Stepping ~*~*~tactically~*~*~ (stealth).
 18685 | Abyss:2  | 18685 ||| INVOKING Heroism.
 18702 | Abyss:2  | Killed a green draconian monk
 18702 | Abyss:2  | Received a gift from Okawaru
 18713 | Abyss:2  | 18713 ||| Stepping ~*~*~tactically~*~*~ (stealth).
 18734 | Abyss:2  | 18734 ||| Stepping ~*~*~tactically~*~*~ (stealth).
 18749 | Abyss:2  | 18749 ||| INVOKING Heroism.
 18766 | Abyss:2  | Noticed a bone dragon
 18772 | Abyss:2  | Reached skill level 12 in Armour
 18789 | Abyss:2  | HP: 18/100 [bone dragon (10)]
 18790 | Abyss:2  | 18790 ||| READING 8 scrolls of teleportation.
 18791 | Abyss:2  | 18791 ||| DRINKING 2 potions of heal wounds.
 18794 | Abyss:2  | Killed a bone dragon
 19349 | Abyss:2  | 19349 ||| Stepping ~*~*~tactically~*~*~ (hiding).
 19351 | Abyss:2  | 19351 ||| Stepping ~*~*~tactically~*~*~ (hiding).
 19382 | Abyss:2  | 19382 ||| Stepping ~*~*~tactically~*~*~ (stealth).
 19383 | Abyss:2  | 19383 ||| Stepping ~*~*~tactically~*~*~ (stealth).
 19385 | Abyss:2  | Gained mutation: [You sometimes lose your temper in
                  | combat.] [a neqoxec]
 19391 | Abyss:2  | 19391 ||| Stepping ~*~*~tactically~*~*~ (hiding).
 19392 | Abyss:2  | 19392 ||| Stepping ~*~*~tactically~*~*~ (hiding).
 19397 | Abyss:2  | Received a gift from Okawaru
 19415 | Abyss:2  | Reached XP level 16. HP: 92/107 MP: 23/23
 19419 | Abyss:2  | 19419 ||| INVOKING Heroism.
 19441 | Abyss:2  | Received a gift from Okawaru
 19444 | Abyss:2  | 19444 ||| Stepping ~*~*~tactically~*~*~ (stealth).
 19445 | Abyss:2  | 19445 ||| Stepping ~*~*~tactically~*~*~ (stealth).
 19446 | Abyss:2  | 19446 ||| INVOKING Heroism.
 19468 | Abyss:2  | Reached skill level 15 in Fighting
 19483 | D:15     | Escaped the Abyss
 19485 | D:15     | HP: 19/86 [sun demon[a balrug] (5)]
 19486 | D:15     | 19486 ||| READING 7 scrolls of teleportation.
 19486 | D:15     | HP: 7/86 [balrug/divine providence (12)]
 19486 | D:15     | Slain by a sun demon

Levels and vault maps discovered:
D:1:      wheals_arrival_linesprint, layout_basic
D:2:      minmay_chambers_of_ones, layout_basic
D:3:      layout_basic, lemuel_doored_altar, uniq_crazy_yiuf_cottage,
          uniq_sigmund
D:4:      layout_gridville, mainiacjoe_overflow_concentric_impassable
D:5:      layout_cave_pools, uniq_edmund
D:6:      layout_gridville, bloody_makhleb, mainiacjoe_overflow_cross_hatched,
          chequers_serial_rivers_micro_d, minmay_checkerbox, uniq_blork_the_orc
D:7:      layout_loops_cross, minitemple, mainiacjoe_overflow_24_doors,
          minmay_temple_entry_glass
D:8:      layout_basic, kennysheep_ying_yang, marbit_many_paths,
          lair_entry_dummy
D:9:      layout_basic, fiery_altar_vehumet, orc_0_dummy, uniq_pikel
D:10:     layout_big_octagon, nicolae_qazlal_style_of_elements,
          minmay_misc_feat_columns, reono_crystal_passage,
          minmay_guarded_unrand_staff_of_olgreb, uniq_maurice
D:11:     layout_roguey, nicolae_gozag_cash_rules_everything_around_me,
          uniq_urug
D:12:     layout_loops_ring
D:13:     layout_long_grid, grunt_vaults_entry_fortified, serial_shops,
          nicolae_shop_tiny_glass, uniq_nessos
D:14:     layout_roguey, minmay_misc_feat_doors, gammafunk_ghost_hive,
          small_chamber_with_monster
D:15:     hangedman_depths_entry_try_elsewhere_first, layout_long_grid,
          minivault_14
Lair:1:   layout_cave_pods, columned_hall_lemuel, kennysheep_rathole,
          uniq_maggie
Lair:2:   layout_regular_city, grunt_megastairs_4
Lair:3:   layout_roguey, elwin_shoals_entry_rocks, dummy_snake_entry,
          lightli_volcano_entry_magma_tube, tgw_fedhas, uniq_josephine,
          uniq_nergalle
Lair:4:   layout_gridlike, minmay_slime_entry_oklob_open,
          portal_ice_cave_entry_imps
Lair:5:   minmay_lair_end_enchanted_forest, layout_loops_ring,
          gammafunk_ghost_grave, lemuel_fruit_fields, infiniplex_staircase_pool,
          uniq_kirke

Skill      XL: |  1  2  3  4  5  6  7  8  9 10 11 12 13 14 15 16 |
---------------+-------------------------------------------------+-----
Axes           | 2 3 5 6 8 10 11 12 13 14 16 | 16.0
Fighting       | 4 6 7 8 9 10 11 12 14 15 | 15.0
Dodging        | 1 2 3 4 |  4.1
Armour         | 4 5 6 8 9 10 11 12 | 12.0
Shields        | 4 5 6 7 8 9 |  9.3
Invocations    | 4 5 9 10 | 10.0
Throwing       | 3 5 6 7 |  7.0

Action                     |  1- 3 |  4- 6 |  7- 9 | 10-12 | 13-15 | 16-18 || total
---------------------------+-------+-------+-------+-------+-------+-------++-------
  Melee: War axe           |   140 |   113 |   227 |   484 |  1007 |    59 ||  2030
         Morningstar       |       |       |       |     2 |    21 |       ||    23
         Unarmed           |       |       |       |       |    15 |       ||    15
  Throw: Boomerang         |       |     1 |       |       |    43 |     1 ||    45
         Javelin           |       |       |       |    20 |   205 |       ||   225
 Invoke: Heroism           |       |       |       |    23 |    37 |     2 ||    62
         Finesse           |       |       |       |       |     7 |       ||     7
    Use: Scroll            |     4 |     5 |     8 |     5 |     7 |     1 ||    30
         Potion            |       |     3 |     2 |       |     6 |       ||    11
 Armour: Scale mail        |    67 |    61 |    17 |       |       |       ||   145
         Plate armour      |       |       |   134 |   215 |   287 |       ||   636
         Chain mail        |       |       |       |       |   364 |    62 ||   426
  Dodge: Dodged            |    63 |    45 |    75 |   150 |   355 |    45 ||   733
  Block: Buckler           |    21 |    16 |    44 |    71 |   249 |    26 ||   427

Table legend:
 A = Non-vault XP
 B = Vault XP
 C = Vault XP percentage of total XP
 D = Non-vault monster count
 E = Vault monster count
 F = Vault count percentage of total count
                 A         B        C        D         E       F
            +---------+---------+-------+---------+---------+-------
      Total |  103118 |   30072 |  22.6 |     463 |     123 |  21.0
            +---------+---------+-------+---------+---------+-------
        D:1 |      57 |       0 |   0.0 |      34 |       0 |   0.0
        D:2 |      22 |      19 |  46.3 |      16 |       5 |  23.8
        D:3 |      42 |     231 |  84.6 |      15 |       1 |   6.2
        D:4 |     220 |       0 |   0.0 |       8 |       0 |   0.0
        D:5 |     322 |     158 |  32.9 |       4 |       1 |  20.0
        D:6 |    1046 |     452 |  30.2 |      21 |       5 |  19.2
        D:7 |    1446 |       0 |   0.0 |      20 |       0 |   0.0
        D:8 |    1817 |      77 |   4.1 |      15 |       1 |   6.2
        D:9 |    2853 |     673 |  19.1 |      30 |       1 |   3.2
       D:10 |    1676 |     480 |  22.3 |       9 |       1 |  10.0
       D:11 |    1789 |     804 |  31.0 |       9 |       1 |  10.0
       D:12 |    5618 |       0 |   0.0 |      25 |       0 |   0.0
       D:13 |    5695 |    6187 |  52.1 |      15 |      10 |  40.0
       D:14 |    6581 |     220 |   3.2 |      12 |       1 |   7.7
       D:15 |    9660 |    2604 |  21.2 |      18 |       4 |  18.2
     Lair:1 |    8022 |     594 |   6.9 |      36 |      13 |  26.5
     Lair:2 |    6043 |     173 |   2.8 |      24 |       2 |   7.7
     Lair:3 |    9566 |    3271 |  25.5 |      35 |       8 |  18.6
     Lair:4 |    8076 |    3118 |  27.9 |      29 |      17 |  37.0
     Lair:5 |   16479 |   11011 |  40.1 |      44 |      52 |  54.2
    Abyss:2 |   16088 |       0 |   0.0 |      44 |       0 |   0.0
            +---------+---------+-------+---------+---------+-------
